 Dungeon Crawl Stone Soup version 0.27-a0-604-g29a88b33a7 (webtiles) character file.

Game seed: 8709620247522547461

28824 tilp the Martial Artist (level 13, -7/110 HPs)
             Began as an Octopode Transmuter on Mar 12, 2021.
             Was a High Priest of Okawaru.
             Mangled by a black mamba (16 damage)
             ... on level 5 of the Lair of Beasts.
             The game lasted 00:52:38 (18525 turns).

tilp the Martial Artist (Octopode Transmuter)      Turns: 18525, Time: 00:52:39

Health: -7/110     AC:  7    Str:  9    XL:     13   Next: 41%
Magic:  19/22      EV: 13    Int: 25    God:    Okawaru [*****.]
Gold:   842        SH:  0    Dex: 14    Spells: 7/24 levels left

rFire    x . .     SeeInvis +     - Unarmed
rCold    + + +     Faith    .   (shield currently unavailable)
rNeg     . . .     Spirit   .   (helmet currently unavailable)
rPois    +         Reflect  .   q - amulet of regeneration
rElec    +         Harm     .   c - ring of willpower
rCorr    +         Rampage  .   l - ring of resist corrosion
Will     +....                  d - ring of see invisible
Stlth    +++.......             i - ring of Xom's Sleight of Hands {*Drain rElec rPois rCorr Slay+2}
HPRegen  1.28/turn              J - +6 ring of intelligence
MPRegen  0.18/turn              (no ring)
                                (no ring)
                                (no ring)

@: lethally poisoned (-7 -> -8), ice-form, wereblooded
A: large, almost no armour, amphibious, 8 rings
a: End Transformation, Renounce Religion, Heroism, Finesse


You were on level 5 of the Lair of Beasts.
You worshipped Okawaru.
Okawaru was extremely pleased with you.
You were a creature of crystalline ice.
You visited 3 branches of the dungeon, and saw 17 of its levels.
You also visited: Sewer.

You collected 1038 gold pieces.
You spent 196 gold pieces at shops.

Inventory:

Missiles
 m - 19 boomerangs
 o - 40 poisoned darts (quivered)
 r - 17 javelins
 H - 2 curare-tipped darts {!f}
Armour
 n - a +2 hat (melded)
 L - a +2 buckler (melded)
Jewellery
 c - a ring of willpower (left front paw)
 d - a ring of see invisible (on tentacle)
 e - a ring of ice
 i - the ring of Xom's Sleight of Hands (on tentacle) {*Drain rElec rPois rCorr Slay+2}
   (You found it on level 11 of the Dungeon)

   [ring of resist corrosion]

   It affects your accuracy and damage with ranged weapons and melee attacks
   (+2).
   It insulates you from electricity.
   It protects you from poison.
   It provides partial protection from all sources of acid and corrosion.
   It causes draining when unequipped.
 l - a ring of resist corrosion (right front paw)
 q - an amulet of regeneration (around neck)
 y - an amulet of magic regeneration
 I - a ring of fire
 J - a +6 ring of intelligence (on tentacle)
Wands
 h - a wand of random effects (23)
 j - a wand of polymorph (23)
 s - a wand of digging (7)
 E - a wand of acid (5)
 G - a wand of charming (2)
 K - a wand of mindburst (18)
Scrolls
 a - 10 scrolls of identify
 t - a scroll of fog
 A - 2 scrolls of amnesia
 C - 4 scrolls of teleportation
 D - 4 scrolls of magic mapping
 F - 3 scrolls of fear
Potions
 b - 5 potions of curing
 f - 2 potions of haste
 g - 3 potions of mutation
 k - 2 potions of berserk rage
 p - a potion of lignification
 u - 3 potions of brilliance
 v - 5 potions of attraction
 w - 6 potions of flight
 x - 3 potions of invisibility
 z - a potion of ambrosia
 B - a potion of might


   Skills:
 - Level 10.0 Fighting
 - Level 8.0 Dodging
 - Level 4.0 Stealth
 - Level 4.0 Shields
 + Level 11.5 Unarmed Combat
 - Level 6.0 Spellcasting
 - Level 9.0 Transmutations
 - Level 2.0 Ice Magic
 - Level 2.0 Poison Magic
 - Level 8.0 Invocations
 - Level 6.0 Evocations


You had 7 spell levels left.
You knew the following spells:

 Your Spells              Type           Power      Damage    Failure   Level
a - Beastly Appendage     Tmut           100%       N/A       1%          1
b - Wereblood             Tmut           51%        N/A       1%          2
c - Spider Form           Tmut/Pois      17%        N/A       2%          3
d - Ice Form              Ice/Tmut       35%        N/A       8%          4
e - Blade Hands           Tmut           25%        N/A       4%          5
f - Ensorcelled Hibernat  Hex/Ice        24%        N/A       8%          2

Your spell library contained the following spells:

 Spells                   Type           Power      Damage    Failure   Level
 Corona                   Hex            7%         N/A       8%          1
 Foxfire                  Conj/Fire      28%        2x1d5     8%          1
 Confusing Touch          Hex            7%         N/A       22%         3
 Conjure Flame            Conj/Fire      7%         6-21      22%         3
 Dazzling Flash           Conj/Hex       14%        N/A       22%         3
 Inner Flame              Hex/Fire       7%         N/A       22%         3
 Tukima's Dance           Hex            7%         N/A       22%         3
 Sticky Flame             Conj/Fire      7%         2d3       58%         4
 Fireball                 Conj/Fire      3%         3d4       90%         5


Dungeon Overview and Level Annotations

Branches:
Dungeon (11/15)            Temple (1/1) D:6            Lair (5/6) D:8
 Spider (0/4) Lair:2          Orc (0/2) D:9           Sewer (visited)
  Swamp: Lair:2-4    Shoals: Lair:2-4     Slime: Lair:5-6

Altars:
Ashenzari
Cheibriados
Dithmenos
Elyvilon
Fedhas
Gozag
Hepliaklqana
Kikubaaqudgha
Makhleb
Nemelex Xobeh
Okawaru
Qazlal
Ru
Sif Muna
Trog
Uskayaw
Vehumet
Wu Jian
Xom
Yredelemnul
Zin
The Shining One

Shops:
D:6 ?   D:7 (

Annotations:
D:9 4 transporters, adept's ghost, novice MiFi
Lair:2 exclusions: bog body, 2 death yaks, 2 oklob plants and torpor snail
Lair:4 3 runed translucent doors, wakim's ghost, journeyman KoBr


Innate Abilities, Weirdness & Mutations

You cannot wear most types of armour.
You are amphibious.
You can wear up to eight rings at the same time.
((Your skin changes colour to match your surroundings (Stealth+).))
((Your rubbery body absorbs attacks. (AC +1, EV +1)))
((You are stealthy while swimming. (Stealth+)))
((You have tentacles for arms and can constrict up to eight enemies at once.))


Message History

Okawaru accepts your kill.
You feel sick.
Training target 10.0 for Fighting reached!
Your Fighting skill increases to level 10!
Unknown command.
You feel better.
A black mamba comes into view.
You howl as the wereblood boils in your veins!
You barely miss the yak. You hit the yak. You freeze the yak.
The yak is lightly wounded.
The yak gores you!
* * * LOW HITPOINT WARNING * * *
The black mamba bites you but does no damage.
You punch the black mamba! You freeze the black mamba.
The black mamba is heavily wounded.
The black mamba bites you but does no damage.
The yak gores you!
* * * LOW HITPOINT WARNING * * *
Unknown command.
You hit the black mamba but do no damage.
The black mamba is heavily wounded.
You howl as the wereblood boils in your veins!
The black mamba bites you.
* * * LOW HITPOINT WARNING * * *
You are poisoned.
The black mamba poisons you! The yak gores you.
* * * LOW HITPOINT WARNING * * *
The black mamba closely misses you.
You punch the black mamba!
The black mamba seems to slow down.
You freeze the black mamba.
The black mamba is severely wounded.
You howl as the wereblood boils in your veins!
You feel sick. The yak gores you!
* * * LOW HITPOINT WARNING * * *
Unknown command.
You barely miss the black mamba.
The black mamba is severely wounded.
You feel sick. The black mamba bites you!
You die...

#####P#### ### ###.#####
#.##..##.#####.###.##...P###
....................^......#
..........................P#
..........................##
..........................##
.>.....<...................#
...........................#
................YY.........#
.................S.......<##
....... ...>..............#
....... ...........†.....#
....... ..................#
....... ...##...#..#....###
..#...P ..##.#)...#......P
##..... .. ...............#
###.... .....P#.........


You could see a black mamba (slow) and a yak.

Vanquished Creatures
  Erica (D:8)
  3 death yaks (Lair:4)
  A catoblepas (Lair:2)
  3 two-headed ogres (D:11)
  A queen ant (Lair:3)
  An unseen horror (D:11)
  2 ugly things (D:11)
  A manticore (D:11)
  2 centaur zombies
  4 elephants (Lair:4)
  6 cane toads
  3 komodo dragons
  2 trolls
  A polar bear (Lair:2)
  17 blink frogs
  Grinder (Sewer)
  A wraith (D:10)
  5 basilisks
  4 wyverns
  14 yaks
  2 steam dragons (D:7)
  Menkaure (D:6)
  11 water moccasins
  8 soldier ants
  7 orc warriors
  An ice beast (D:9)
  4 sky beasts
  A black bear (D:8)
  4 ogres
  7 centaurs
  2 phantoms
  6 kobold brigands
  15 bullfrogs
  5 gnoll sergeants
  6 scorpions
  7 killer bees
  7 wights (D:6)
  3 howler monkeys
  A crimson imp (D:7)
  3 bullfrog zombies
  5 hounds
  3 quasits
  3 bullfrog skeletons
  5 orc priests
  5 jellies
  Crazy Yiuf (D:3)
  2 centaur skeletons
  An iguana (D:6)
  9 orc wizards
  29 worker ants
  A killer bee zombie (D:6)
  A howler monkey zombie (D:11)
  A worker ant zombie (D:11)
  16 gnolls
  19 adders
  2 shadow imps
  3 ufetubi
  3 oozes
  6 worms
  A dart slug (D:2)
  5 leopard geckos
  42 orcs
  7 giant cockroaches
  2 gnoll zombies (D:3)
  8 goblins
  4 hobgoblins
  11 jackals
  6 quokkas
  5 ball pythons
  8 bats
  5 frilled lizards
  37 kobolds
  A kobold zombie (Sewer)
  13 rats
  A butterfly (Lair:3)
445 creatures vanquished.

Vanquished Creatures (others)
  A yak (Lair:2)
  5 fungi
  10 plants
16 creatures vanquished.

Grand Total: 461 creatures vanquished

Notes
Turn   | Place    | Note
-------+----------+-------------------------------------------
     0 | D:1      | tilp the Octopode Transmuter began the quest for the Orb.
     0 | D:1      | Reached XP level 1. HP: 13/13 MP: 3/3
   126 | D:1      | Reached skill level 1 in Stealth
   319 | D:1      | Reached XP level 2. HP: 18/18 MP: 5/5
   322 | D:1      | Learned a level 2 spell: Wereblood
   956 | D:1      | Reached XP level 3. HP: 23/23 MP: 6/6
  2161 | D:2      | Reached XP level 4. HP: 27/29 MP: 7/7
  2605 | D:3      | Reached XP level 5. HP: 18/35 MP: 8/8
  2918 | D:3      | Reached skill level 4 in Unarmed Combat
  3093 | D:3      | Found a basalt altar of Yredelemnul.
  3467 | D:3      | Found a runed translucent door.
  3468 | D:3      | Noticed Crazy Yiuf
  3607 | D:3      | Reached XP level 6. HP: 26/42 MP: 6/9
  4961 | D:5      | Entered Level 5 of the Dungeon
  5013 | D:5      | Reached skill level 5 in Unarmed Combat
  5098 | D:5      | Reached XP level 7. HP: 26/48 MP: 7/10
  5147 | D:5      | Reached skill level 6 in Unarmed Combat
  5415 | D:5      | Found a glowing drain.
  5442 | Sewer    | Entered a sewer
  5702 | Sewer    | Found a burning altar of Makhleb.
  5825 | Sewer    | Noticed Grinder
  5832 | Sewer    | Paralysed by Grinder for 4 turns
  5842 | Sewer    | Paralysed by Grinder for 5 turns
  5853 | Sewer    | Killed Grinder
  5854 | Sewer    | Reached XP level 8. HP: 15/54 MP: 11/13
  6556 | D:5      | Reached skill level 5 in Transmutations
  6705 | D:6      | Learned a level 3 spell: Spider Form
  6805 | D:6      | Noticed Blork the orc
  6843 | D:6      | Found Weekagh's Magic Scroll Boutique.
  6847 | D:6      | Bought a scroll of enchant armour for 105 gold pieces
  6847 | D:6      | Bought a scroll of teleportation for 42 gold pieces
  6847 | D:6      | Bought a scroll of magic mapping for 49 gold pieces
  6883 | D:6      | Reached skill level 1 in Poison Magic
  7071 | D:6      | Identified the +7 scythe of Cotzi {drain, rC++ Str+2}
  7176 | D:6      | Reached skill level 1 in Evocations
  7224 | D:6      | Found a staircase to the Ecumenical Temple.
  7272 | Temple   | Entered the Ecumenical Temple
  7437 | D:6      | Noticed Menkaure
  7612 | D:6      | Reached XP level 9. HP: 27/57 MP: 15/15
  8536 | D:6      | Killed Menkaure
  8574 | D:6      | Noticed Blork
  8574 | D:6      | Blork the orc changed into Blork the iguana
  8580 | D:6      | Killed Blork the iguana
  8635 | D:7      | Reached skill level 7 in Unarmed Combat
  8753 | D:7      | Noticed Joseph
  8756 | D:7      | Noticed Joseph
  8756 | D:7      | Joseph changed into Joseph the soldier ant
  8773 | D:7      | Killed Joseph the soldier ant
  8796 | D:7      | Noticed a moth of wrath
  8799 | D:7      | Found a bloodstained altar of Trog.
  9015 | D:7      | Reached skill level 5 in Fighting
  9514 | D:7      | Found a burning altar of Makhleb.
  9515 | D:7      | Found a shimmering altar of Xom.
  9769 | D:8      | Reached skill level 8 in Unarmed Combat
 10034 | D:8      | Found an opulent altar of Gozag.
 10034 | D:8      | Found a glowing silver altar of Zin.
 10041 | D:8      | Found an iron altar of Okawaru.
 10043 | D:8      | Found a sacrificial altar of Ru.
 10045 | D:8      | Found a broken altar of Ashenzari.
 10048 | D:8      | Became a worshipper of Warmaster Okawaru
 10118 | D:8      | Noticed Erica
 10127 | D:8      | Killed Erica
 10127 | D:8      | Reached * piety under Okawaru
 10128 | D:8      | Reached XP level 10. HP: 68/68 MP: 13/16
 10269 | D:8      | Found a hide-covered altar of Uskayaw.
 10271 | D:8      | Found a shimmering blue altar of Sif Muna.
 10428 | D:8      | Found a staircase to the Lair.
 10595 | D:7      | Found Ynki's Weapon Shoppe.
 10657 | D:8      | Learned a level 4 spell: Ice Form
 10729 | D:9      | Found a transporter.
 10739 | D:9      | Found a transporter.
 10739 | D:9      | Noticed a spectral centaur warrior
 10739 | D:9      | Noticed adept's ghost (novice MiFi)
 10809 | D:9      | Reached skill level 1 in Ice Magic
 10926 | D:9      | Found a transporter.
 10927 | D:9      | Noticed a kobold demonologist
 10930 | D:9      | Noticed an orc high priest
 10931 | D:9      | Noticed a fire crab
 11002 | D:9      | Found a transporter.
 11013 | D:9      | Noticed a deep elf knight
 11222 | D:9      | Reached ** piety under Okawaru
 11496 | D:9      | Noticed a kobold demonologist
 11521 | D:9      | Found a staircase to the Orcish Mines.
 11538 | D:9      | Reached skill level 5 in Spellcasting
 11932 | D:10     | Entered Level 10 of the Dungeon
 12026 | D:10     | Reached XP level 11. HP: 68/72 MP: 16/19
 12258 | D:10     | Reached *** piety under Okawaru
 12300 | D:10     | Found a white marble altar of Elyvilon.
 12901 | D:11     | Noticed a two-headed ogre
 12911 | D:11     | Killed a two-headed ogre
 12912 | D:11     | Reached skill level 1 in Shields
 12912 | D:11     | Reached skill level 5 in Invocations
 12918 | D:11     | Noticed a green ugly thing
 12923 | D:11     | Killed a green ugly thing
 12974 | D:11     | Noticed a manticore
 12983 | D:11     | Killed a manticore
 12983 | D:11     | Reached **** piety under Okawaru
 12984 | D:11     | Reached skill level 5 in Evocations
 13263 | D:11     | Noticed a red ugly thing
 13263 | D:11     | Noticed an unseen horror
 13278 | D:11     | Killed a red ugly thing
 13358 | D:11     | Killed an unseen horror
 13481 | D:11     | Identified the ring of Xom's Sleight of Hands {*Drain rElec
                  | rPois rCorr Slay+2}
 13738 | D:11     | Noticed a two-headed ogre
 13748 | D:11     | Killed a two-headed ogre
 13776 | D:11     | Noticed a two-headed ogre
 13803 | D:11     | Killed a two-headed ogre
 13967 | D:11     | Learned a level 5 spell: Blade Hands
 14218 | D:3      | Killed Crazy Yiuf
 14381 | D:7      | Reached XP level 12. HP: 75/79 MP: 15/21
 14635 | Lair:1   | Entered Level 1 of the Lair of Beasts
 14946 | Lair:1   | Reached ***** piety under Okawaru
 15298 | Lair:2   | Noticed a death yak
 15298 | Lair:2   | Noticed a death yak
 15644 | Lair:2   | Reached skill level 9 in Unarmed Combat
 15923 | Lair:2   | Found a hole to the Spider Nest.
 16041 | Lair:2   | Noticed a catoblepas
 16055 | Lair:2   | Killed a catoblepas
 16499 | Lair:3   | Reached skill level 10 in Unarmed Combat
 17097 | Lair:3   | Noticed a queen ant
 17100 | Lair:3   | Reached XP level 13. HP: 89/89 MP: 20/22
 17582 | Lair:4   | Learned a level 2 spell: Ensorcelled Hibernation
 17917 | Lair:4   | Reached skill level 11 in Unarmed Combat
 17929 | Lair:4   | Identified the +6 hunting sling "Urifah" {speed, *Contam
                  | rF+++ MP+9 Str+4 Int-2} (Okawaru gifted it to you on level
                  | 4 of the Lair of Beasts)
 17929 | Lair:4   | Received a gift from Okawaru
 17935 | Lair:4   | Found a runed translucent gate.
 17935 | Lair:4   | Found a runed translucent gate.
 17935 | Lair:4   | Found a runed translucent gate.
 17943 | Lair:4   | Noticed wakim's ghost (journeyman KoBr)
 18103 | Lair:4   | Noticed a minotaur
 18514 | Lair:5   | Reached skill level 10 in Fighting
 18525 | Lair:5   | Mangled by a black mamba

Illustrated notes

Levels and vault maps discovered:
D:1:      minmay_arrival_nine_rooms, layout_loops_ring
D:2:      layout_basic, minmay_door_square
D:3:      layout_rooms, lemuel_zombie_altar_yredelemnul, uniq_crazy_yiuf_cottage
D:4:      layout_loops_corners
D:5:      layout_layer_cave, gup_sewer_entry_glass
D:6:      layout_loops_ring, minmay_temple_entry_enclosed_plants, serial_shops,
          kennysheep_mini, chequers_serial_rivers_room_b, uniq_menkaure,
          uniq_blork_the_orc
D:7:      layout_gridville, grunt_temple_overflow_champion_of_chaos, tgw_trog,
          serial_shops, shop, hangedman_misty_isle, uniq_joseph
D:8:      cheibrodos_helix_gallery, layout_basic,
          chequers_temple_overflow_minitemple, minitemple,
          grunt_lair_entry_orc_guard_hut, uniq_erica
D:9:      gammafunk_wand_slinger, layout_small_grid,
          kennysheep_orc_monster_closet_entryway, gammafunk_ghost_mausoleum
D:10:     layout_roguey, elyvilon_altar_5
D:11:     layout_small_grid
Temple:   jpeg_temple_clearing
Lair:1:   layout_hall_layers, infiniplex_staircase_pool_2, lemuel_fruit_tree
Lair:2:   layout_misc_corridors, nicolae_swamp_entry_splash_gauntlet,
          nicolae_spider_entry_non_spiders, minmay_lair_oklob_chamber
Lair:3:   layout_chaotic_city, small_statue_intersection, zaba_antful_of_joy,
          lemuel_fruit_fields, serial_bayou_shore_a
Lair:4:   layout_gridlike, maelrawn_ghost_gauntlet_escape
Lair:5:   layout_gridlike, slime_altar_2

Skill      XL: |  1  2  3  4  5  6  7  8  9 10 11 12 13 |
---------------+----------------------------------------+-----
Stealth        | 2 3 4 |  4.0
Fighting       | 2 3 4 6 8 10 | 10.0
Unarmed Combat | 4 5 6 8 10 11 | 11.5
Transmutations | 4 6 8 9 |  9.0
Spellcasting   | 3 4 5 6 |  6.0
Poison Magic   | 2 |  2.0
Evocations     | 4 6 |  6.0
Dodging        | 6 8 |  8.0
Invocations    | 3 4 8 |  8.0
Ice Magic      | 2 |  2.0
Shields        | 4 |  4.0

Action                   |  1- 3 |  4- 6 |  7- 9 | 10-12 | 13-15 || total
-------------------------+-------+-------+-------+-------+-------++-------
Melee: Unarmed           |    85 |   134 |   401 |   590 |   102 ||  1312
       Constrict         |    22 |    34 |    53 |     8 |     1 ||   118
       Tentacles         |     9 |    27 |    43 |     8 |     1 ||    88
       Punch             |     2 |     3 |    11 |     3 |       ||    19
       Kick              |     6 |    32 |    55 |     2 |       ||    95
Throw: Stone             |     3 |     5 |       |       |       ||     8
       Boomerang         |       |     3 |     1 |       |       ||     4
       Dart              |       |     8 |     1 |    10 |       ||    19
       Throwing net      |       |       |       |     1 |       ||     1
 Cast: Beastly Appendage |     7 |    19 |    31 |     4 |       ||    61
       Wereblood         |     4 |     9 |    25 |    24 |     4 ||    66
       Spider Form       |       |       |    11 |    31 |       ||    42
       Ice Form          |       |       |       |    24 |    10 ||    34
       Blade Hands       |       |       |       |     3 |       ||     3
Invok: Heroism           |       |       |       |    25 |     2 ||    27
Evoke: Wand              |       |       |     7 |     9 |     2 ||    18
  Use: Scroll            |     2 |     7 |    10 |     6 |       ||    25
       Potion            |       |       |     1 |     3 |     1 ||     5
 Stab: Sleeping          |    10 |     8 |    10 |     7 |     1 ||    36
       Confused          |       |       |     2 |       |       ||     2
Armor: Skin              |     5 |     9 |    22 |    69 |    17 ||   122
Dodge: Dodged            |    51 |    98 |   260 |   495 |    36 ||   940
Block: Buckler           |       |       |       |     2 |     1 ||     3

Table legend: (Time is in decaauts)
 A = Elapsed time spent in this place.
 B = Non-inter-level travel time spent in this place.
 C = Inter-level travel time spent in this place.
 D = Time resting spent in this place.
 E = Time spent auto-exploring this place.
 F = Levels seen in this place.
 G = Mean time per level.
                   A        B        C        D        E       F      G
               +--------+--------+--------+--------+--------+-----+--------+
         Total |  18321 |  16900 |   1421 |   2584 |  10894 |  18 | 1017.8 |
       Dungeon |  13789 |  12554 |   1235 |   1981 |   8017 |  11 | 1253.5 |
        Temple |    141 |    124 |     17 |      0 |    123 |   1 |  141.0 |
          Lair |   3821 |   3653 |    168 |    470 |   2536 |   5 |  764.2 |
         Sewer |    568 |    568 |      0 |    133 |    218 |   1 |  568.0 |
               +--------+--------+--------+--------+--------+-----+--------+

Top non-repeatable levels by time:
     D:6: 1938 daAuts
     D:3: 1898 daAuts
     D:1: 1352 daAuts
     D:8: 1340 daAuts
  Lair:3: 1153 daAuts
    D:11: 1152 daAuts
     D:7: 1128 daAuts
     D:9: 1127 daAuts
     D:5: 1066 daAuts
     D:2: 948 daAuts
  Lair:2: 945 daAuts
     D:4: 944 daAuts
  Lair:4: 915 daAuts
    D:10: 893 daAuts
  Lair:1: 703 daAuts
